 Dungeon Crawl Stone Soup version 0.15-a0-33-ga435e27 (webtiles) character file.

2791 BestPrincess the Thaumaturge (level 9, 0/45 HPs)
             Began as a Deep Elf Conjurer on Apr 1, 2014.
             Killed from afar by notcluie's ghost (23 damage)
             ... with a fireball
             ... on Level 8 of the Dungeon.
             The game lasted 00:42:25 (6708 turns).

BestPrincess the Thaumaturge (Deep Elf Conjurer)    Turns: 6708, Time: 00:42:25

HP   0/45        AC  3     Str  5      XL: 9   Next: 24%
MP  18/32        EV 13     Int 24      God:
Gold 371         SH  0     Dex 15      Spells:  5 memorised, 14 levels left

rFire  . . .     SeeInvis +     s - +0 dagger
rCold  . . .     Clarity  .     b - +1 robe {MR+}
rNeg   . . .     Conserve .     (no shield)
rPois  .         rCorr    +     (no helmet)
rElec  .         rRot     .     (no cloak)
SustAb . .       Spirit   .     (no gloves)
rMut   .         Warding  .     (no boots)
Saprov . . .     Stasis   .     h - amulet of resist corrosion
MR     +....                    y - ring of see invisible
                                r - ring of wizardry

@: somewhat resistant to hostile enchantments, stealthy
A: no striking features
a: no special abilities


You were on level 8 of the Dungeon.
You were hungry.

You visited 2 branches of the dungeon, and saw 9 of its levels.

You collected 371 gold pieces.

Inventory:

Hand weapons
 s - a +0,+0 dagger (weapon)
Armour
 b - a +1 robe of magic resistance (worn)
 z - the +1 robe of Objectivity {Str+2 Int+4}
   (You found it on level 5 of the Dungeon)

   It affects your strength (+2).
   It affects your intelligence (+4).
Magical devices
 n - a wand of flame (13)
 t - a wand of random effects (10) {unknown}
Comestibles
 u - an apple
 D - a meat ration
 E - a bread ration
Scrolls
 a - 2 scrolls of immolation {unknown}
 d - 2 scrolls of enchant armour {unknown}
 f - 6 scrolls of identify
 j - 3 scrolls of magic mapping
 l - 4 scrolls of noise {unknown}
 m - a scroll of enchant weapon I {unknown}
 q - a scroll of teleportation {unknown}
 v - 2 scrolls of remove curse {unknown}
 x - a scroll of amnesia {unknown}
 A - a scroll of random uselessness {unknown}
 B - a scroll of fog {unknown}
 C - a scroll of vulnerability {unknown}
 F - 3 scrolls of blinking {unknown}
Jewellery
 h - an amulet of resist corrosion (around neck)
 r - a ring of wizardry (left hand)
 y - a ring of see invisible (right hand)
Potions
 e - 7 potions of curing
 g - a potion of degeneration {unknown}
 i - 2 potions of brilliance {unknown}
 k - 4 potions of resistance {unknown}
 o - 2 potions of restore abilities {unknown}
 p - a potion of invisibility {unknown}
 w - 2 potions of haste {unknown}
 I - a potion of flight {unknown}
Books
 c - a book of Conjurations

   Spells                             Type                      Level
   *Magic Dart                        Conjuration                  1
   *Searing Ray                       Conjuration                  2
   Dazzling Spray                     Conjuration/Hexes            3
   *Fulminant Prism                   Conjuration/Hexes            4
   Iskenderun's Mystic Blast          Conjuration                  4
   *Iskenderun's Battlesphere         Conjuration/Charms           5
 G - a book of Wizardry

   Spells                             Type                      Level
   Summon Elemental                   Summoning                    4
   Agony                              Necromancy                   5
   Force Lance                        Conjuration                  5
   Haste                              Charms                       6
   *Invisibility                      Hexes                        6
   Spellforged Servitor               Conjuration/Summoning        7


   Skills:
 - Level 3.3 Dodging
 - Level 3.0 Stealth
 - Level 12.2 Spellcasting
 - Level 6.3 Conjurations
 + Level 6.3 Hexes
 - Level 5.0 Charms
 - Level 2.4 Evocations


You had 14 spell levels left.
You knew the following spells:

 Your Spells              Type           Power        Failure   Level  Hunger
a - Magic Dart            Conj           ####         1%          1    None
b - Searing Ray           Conj           #####.       1%          2    None
c - Fulminant Prism       Conj/Hex       #####.....   1%          4    None
d - Iskenderun's Battles  Conj/Chrm      #####...     6%          5    ##.....
e - Invisibility          Hex            #####...     28%         6    #####..


Dungeon Overview and Level Annotations

Branches:
Dungeon (8/15)             Temple (1/1) D:6
   Lair: D:8-11

Altars:
Ashenzari
Cheibriados
Dithmenos
Elyvilon
Fedhas
Kikubaaqudgha
Makhleb
Nemelex Xobeh
Okawaru
Trog
Vehumet
Xom
Yredelemnul
Zin
The Shining One

Shops:
D:4 *   D:5 *

Annotations:
D:8 notcluie's ghost, experienced TeFE


Message History

Aiming: Magic Dart
Press: ? - help, Shift-Dir - straight line, f/p - hobgoblin
Aim: a hobgoblin, wielding a club (heavily wounded)
The magic dart hits the hobgoblin.
You kill the hobgoblin!
Casting: Magic Dart
Confirm with . or Enter, or press ? or * to list all spells.
You conjure a globe of magical energy.
Notcluie's ghost casts a spell at you.
The fireball explodes!
The fireball engulfs you!
One of your 5 scrolls labeled FAIGHE GOME catches fire!
Ouch! That really hurt!
The fireball engulfs your battlesphere.
Your battlesphere resists.
Drink which item? (? for menu, Esc to quit)
You feel better. Notcluie's ghost casts a spell at you.
The fireball explodes!
The fireball engulfs you!
Ouch! That really hurt!
You die...

########################
........................
.......*.................
...p>.%.@(...............
....%....................
........................
..................(.....
..).....................
#######################


You could see notcluie's ghost.

Vanquished Creatures
  2 trolls
  A necrophage (D:6)
  An ice beast (D:8)
  3 orc warriors
  A black bear (D:7)
  2 giant frogs (D:6)
  2 scorpions
  2 crimson imps (D:7)
  A giant frog skeleton (D:4)
  5 orc priests
  3 hounds
  4 jellies
  A centaur skeleton (D:5)
  9 worker ants
  6 orc wizards
  2 iguanas
  Ijyb (D:2)
  Terence (D:3)
  An orc skeleton (D:5)
  A steam dragon skeleton (D:7)
  8 adders
  5 worms
  A giant mite (D:7)
  An adder zombie (D:3)
  A giant eyeball (D:7)
  2 giant geckos
  2 oozes
  21 orcs
  6 giant cockroaches
  20 goblins
  22 hobgoblins
  7 jackals
  A quokka (D:3)
  8 bats
  5 giant newts
  A giant spore (D:8)
  16 kobolds
  2 kobold skeletons
  12 rats
  2 ballistomycetes (D:8)
192 creatures vanquished.

Vanquished Creatures (others)
  A scorpion (D:8)
  15 fulminant prisms
  An orc (D:8)
17 creatures vanquished.

Grand Total: 209 creatures vanquished

Notes
Turn   | Place    | Note
--------------------------------------------------------------
     0 | D:1      | BestPrincess, the Deep Elf Conjurer, began the quest for the Orb.
     0 | D:1      | Reached XP level 1. HP: 10/10 MP: 5/5
   225 | D:1      | Reached XP level 2. HP: 15/15 MP: 4/8
   229 | D:1      | Learned a level 2 spell: Searing Ray
   365 | D:1      | Reached skill level 5 in Conjurations
   963 | D:1      | Reached XP level 3. HP: 19/19 MP: 9/11
  1719 | D:2      | Noticed Ijyb
  1739 | D:2      | Killed Ijyb
  1739 | D:2      | Reached XP level 4. HP: 16/24 MP: 6/14
  1846 | D:2      | Learned a level 4 spell: Fulminant Prism
  2231 | D:3      | Noticed Terence
  2238 | D:3      | Killed Terence
  2238 | D:3      | Reached skill level 1 in Hexes
  2581 | D:3      | Reached skill level 6 in Conjurations
  2581 | D:3      | Reached XP level 5. HP: 28/28 MP: 9/18
  3095 | D:3      | Found a radiant altar of Vehumet.
  3279 | D:3      | Learned a level 5 spell: Iskenderun's Battlesphere
  3528 | D:4      | Reached skill level 1 in Evocations
  3528 | D:4      | Reached XP level 6. HP: 19/32 MP: 12/20
  3533 | D:4      | Found Vuwideoh's Assorted Antiques.
  3646 | D:4      | Reached skill level 1 in Charms
  4009 | D:4      | Found a basalt altar of Yredelemnul.
  4009 | D:4      | Found a shimmering altar of Xom.
  4179 | D:5      | Entered Level 5 of the Dungeon
  4236 | D:5      | Reached skill level 5 in Charms
  4374 | D:5      | Reached XP level 7. HP: 36/36 MP: 16/22
  4405 | D:5      | Reached skill level 5 in Spellcasting
  4486 | D:5      | Found Hilyts' General Store.
  4508 | D:5      | Got a warped robe
  4509 | D:5      | Identified the +1 robe of Objectivity {Str+2 Int+4} (You found it on level 5 of the Dungeon)
  4962 | D:6      | Noticed a troll
  4966 | D:6      | Killed a troll
  4966 | D:6      | Reached skill level 8 in Spellcasting
  5177 | D:6      | Reached XP level 8. HP: 41/41 MP: 21/27
  5351 | D:6      | Found a staircase to the Ecumenical Temple.
  5356 | D:6      | Reached skill level 9 in Spellcasting
  5378 | Temple   | Entered the Ecumenical Temple
  5490 | D:6      | Reached skill level 10 in Spellcasting
  5813 | D:7      | Reached skill level 11 in Spellcasting
  5846 | D:7      | Found a blossoming altar of Fedhas.
  5987 | D:7      | Learned a level 6 spell: Invisibility
  6245 | D:7      | Paralysed by a giant eyeball for 3 turns
  6250 | D:7      | Reached skill level 12 in Spellcasting
  6495 | D:8      | Reached XP level 9. HP: 45/45 MP: 24/32
  6532 | D:8      | Noticed a troll
  6559 | D:8      | Killed a troll
  6559 | D:8      | Reached skill level 5 in Hexes
  6704 | D:8      | Noticed notcluie's ghost (experienced TeFE)
  6708 | D:8      | Killed from afar by notcluie's ghost

Action                   |  1- 3 |  4- 6 |  7- 9 || total
-------------------------+-------+-------+-------++-------
Melee: Unarmed           |       |     1 |       ||     1
 Cast: Magic Dart        |    72 |    81 |   108 ||   261
       Searing Ray       |     9 |    25 |    24 ||    58
       Iskenderun's Batt |       |     1 |     7 ||     8
       Fulminant Prism   |       |       |    15 ||    15
  Use: Scroll            |       |     2 |     2 ||     4
       Potion            |       |       |     1 ||     1
